 Dungeon Crawl Stone Soup version 0.29.1-14-g9c671dbff4 (webtiles) character file.

Game seed: 13574828645125818094

9 hawla the Firebug (level 2, -2/22 HPs)
             Began as a Meteoran Fire Elementalist on Feb 14, 2023.
             Slain by Sigmund
             ... wielding a +0 scythe
              (3 damage)
             ... on level 3 of the Dungeon.
             The game lasted 00:00:53 (100 turns).

hawla the Firebug (Meteoran Fire Elementalist)       Turns: 100, Time: 00:00:53

Health: -2/22      AC:  2    Str:  9    XL:     2   Next: 41%
Magic:  4/6        EV: 12    Int: 16    God:
Gold:   34         SH:  0    Dex: 14    Spells: 3/6 levels left

rFire   . . .      SeeInvis .   (no weapon)
rCold   . . .      Faith    .   (no shield)
rNeg    . . .      Spirit   .   a - +0 robe
rPois   .          Reflect  .   (no helmet)
rElec   .          Harm     .   (no cloak)
rCorr   .          Rampage  .   (no gloves)
Will    .....                   (no boots)
Stlth   +.........              (no amulet)
HPRegen 0.07/turn               (no ring)
MPRegen 0.10/turn               (no ring)

@: glowing
A: sense surroundings 1, otherworldly, glowing, explore regen
a: no special abilities


You were on level 3 of the Dungeon.
You visited 1 branch of the dungeon, and saw 3 of its levels.

You collected 34 gold pieces.

Inventory:

Armour
 a - a +0 robe (worn)
Scrolls
 c - a scroll of blinking {unknown}
 d - a scroll of identify {unknown}


   Skills:
 + Level 0.8 Fighting
 + Level 2.4 Dodging
 - Level 1.4 Stealth
 + Level 2.7 Spellcasting
 + Level 1.4 Conjurations
 + Level 4.0 Fire Magic


You had 3 spell levels left.
You knew the following spells:

 Your Spells              Type           Power      Damage    Failure   Level
a - Foxfire               Conj/Fire      40%        2x1d6     6%          1
b - Scorch                Fire           30%        2d7       5%          2

Your spell library contained the following spells:

 Spells                   Type           Power      Damage    Failure   Level
 Conjure Flame            Conj/Fire      10%        6-21      19%         3
 Inner Flame              Hex/Fire       8%         N/A       26%         3
 Flame Wave               Conj/Fire      10%        2d6       52%         4


Dungeon Overview and Level Annotations

Branches:
Dungeon (3/15) Zot: 1699

Altars:

Annotations:
D:3 Sigmund


Innate Abilities, Weirdness & Mutations

You passively map a small area around you.
You are easily found by Zot.
You glow in the dark.
You regain HP and MP as you explore.


Message History

The foxfire hits the orc.
You kill the orc!
The orc closely misses you.
Casting: Scorch (safe; 5% risk of failure)
Confirm with . or Enter, or press ? or * to list all spells.
You conjure some foxfire!
The orc barely misses you.
Casting: Foxfire (safe; 6% risk of failure)
Confirm with . or Enter, or press ? or * to list all spells.
You conjure some foxfire!
The foxfire hits the orc but does no damage.
The orc barely misses you.
Sigmund the Dreaded comes into view.
He is wielding a +0 scythe.
Unknown command.
Casting: Foxfire (safe; 6% risk of failure)
Confirm with . or Enter, or press ? or * to list all spells.
You conjure some foxfire!
The foxfire hits the orc but does no damage.
The foxfire hits the orc.
The orc is lightly wounded.
The foxfire hits the orc but does no damage.
The orc is lightly wounded.
The orc barely misses you. The orc hits you with a +0 club.
Magic courses through your body.
The foxfire hits the orc but does no damage.
The orc is lightly wounded.
The orc hits you with a +0 short sword. The orc completely misses you.
Sigmund points at you and mumbles some strange words.
The puff of flame hits you!
Ouch! That really hurt!
* * * LOW HITPOINT WARNING * * *
Casting: Foxfire (safe; 6% risk of failure)
Confirm with . or Enter, or press ? or * to list all spells.
Flames lash Sigmund.
Sigmund is lightly wounded.
Sigmund's fire resistance burns away.
The orc hits you with a +0 short sword.
* * * LOW HITPOINT WARNING * * *
The orc hits you with a +0 club.
* * * LOW HITPOINT WARNING * * *
Sigmund hits you from afar with a +0 scythe.
You die...

, ,, *
,.........#####
..............##
,
................
*
................
, ..............
..........).,
........oo#* ,
........@.#
......@.###
##.##.#.# * , #
#.# * , * #.# ,*
,#.# *, , * #.#
, * ** #.# , ,
#.# ,,


You could see Sigmund (combustible) and 2 orcs.

Vanquished Creatures
  2 orcs (D:3)
  2 bats
  A goblin (D:1)
  A quokka (D:1)
  A kobold (D:1)
7 creatures vanquished.

Vanquished Creatures (others)
  19 foxfires
19 creatures vanquished.

Grand Total: 26 creatures vanquished

Notes
Turn   | Place    | Note
-------+----------+-------------------------------------------
     0 | D:1      | hawla the Meteoran Fire Elementalist began the quest for
                  | the Orb.
     0 | D:1      | Reached XP level 1. HP: 14/14 MP: 5/5
    37 | D:1      | Reached skill level 4 in Fire Magic
    37 | D:1      | Reached XP level 2. HP: 10/20 MP: 1/6
    40 | D:1      | Learned a level 2 spell: Scorch
    97 | D:3      | Noticed Sigmund
   100 | D:3      | HP: 1/22 [orc/+0 club (2)]
   100 | D:3      | Slain by Sigmund

Illustrated notes

Levels and vault maps discovered:
D:1:      elethiomel_arrival_quiet, layout_basic,
          hellmonk_ecumenical_altar_heavens_door, serial_shops, shop,
          minmay_hexomino_c4
D:2:      layout_loops_ring, serial_shops, nicolae_shop_window_shopping,
          corexii_hall_statues_i, chequers_serial_rivers_micro_a,
          skrybe_limestone_x
D:3:      layout_basic, chequers_serial_rivers_micro_e, minmay_cut_off,
          uniq_grinder, uniq_sigmund

Skill      XL: |  1 |
---------------+----+-----
Fire Magic     | 4 |  4.0
Fighting       | |  0.8
Dodging        | |  2.4
Stealth        | |  1.4
Spellcasting   | |  2.7
Conjurations   | |  1.4

Action                   || total
-------------------------++-------
Melee: Unarmed           ||     3
 Cast: Foxfire           ||    10
       Scorch            ||     3
  Use: Potion            ||     1
Armor: Robe              ||     2
Dodge: Dodged            ||    13
